 Dungeon Crawl Stone Soup version 0.29-a0-338-g1ff7896281 (webtiles) character file.

Game seed: 15230164241880147147

3495 brightshaft the Fighter (level 10, -15/80 HPs)
             Began as a Djinni Fire Elementalist on Apr 17, 2022.
             Was a Follower of Ashenzari.
             Demolished by a cyan ugly thing (16 damage)
             ... on level 7 of the Dungeon.
             The game lasted 00:27:48 (10342 turns).

brightshaft the Fighter (Djinni Fire Elementalist) Turns: 10342, Time: 00:27:49

Health: -15/80     AC: 11    Str:  7    XL:     10   Next: 28%
Gold:   437        EV: 13    Int: 21    God:    Ashenzari [*.....] SH:  5 Dex: 14

rFire   + + .      SeeInvis +   D - +2 hand axe (venom)
rCold   . . .      Faith    .   z - +0 buckler of the Restrained Regret {Range, Self} (curse)
rNeg    . . .      Spirit   .   h - +0 steam dragon scales
rPois   ∞          Reflect  .   f - +2 hat
rElec   .          Harm     .   r - +0 cloak "Pepinanunn" {rPois rCorr SInv}
rCorr   +          Rampage  .   g - +2 pair of gloves "Shattered Together" {Evo, Self} (curse)
Will    +....                   (boots unavailable)
Stlth   ++........              (no amulet)
HPRegen 0.23/turn               y - ring of protection from cold
MPRegen 0.00/turn               (no ring)

@: on blink cooldown, flying
A: sickness immunity, fire resistance 2, cold vulnerability 1, float, innate
caster, HP casting, extra vitality 1
a: Renounce Religion, Shatter the Chains


You were on level 7 of the Dungeon.
You worshipped Ashenzari.
Ashenzari was aware of your devotion.
You visited 1 branch of the dungeon, and saw 8 of its levels.

You collected 437 gold pieces.

Inventory:

Hand Weapons
 B - a +3 falchion
 D - a +2 hand axe of venom (weapon)
Missiles
 j - a throwing net
 t - 6 poisoned darts
Armour
 a - a +0 robe
 f - a +2 hat (worn)
 g - the cursed +2 pair of gloves "Shattered Together" (worn) {Evo, Self}
   (You found it on level 1 of the Dungeon)

   It has a curse which improves the following skills: Evocations: Evocations.
   Introspection: Fighting and Spellcasting.
 h - +0 steam dragon scales (worn)
 r - the +0 cloak "Pepinanunn" (worn) {rPois rCorr SInv}
   (You found it on level 3 of the Dungeon)

   rPois:     It protects you from poison.
   SInv:      It lets you see invisible.
   rCorr:     It protects you from acid and corrosion.
 z - the cursed +0 buckler of the Restrained Regret (worn) {Range, Self}
   (You found it on level 5 of the Dungeon)

   It has a curse which improves the following skills: Ranged Combat: Slings,
   Bows, Crossbows and Throwing.
   Introspection: Fighting and Spellcasting.
Jewellery
 y - a ring of protection from cold (left hand)
Wands
 k - a wand of iceblast (10)
 m - a wand of paralysis (8)
 A - a wand of polymorph (12)
Scrolls
 b - a scroll of silence
 c - 3 scrolls of teleportation {@r4}
 e - 4 scrolls of identify {@r1}
 i - a scroll of fog
 v - 2 scrolls of enchant armour
Potions
 d - 2 potions of berserk rage
 l - a potion of degeneration
 o - 3 potions of curing {@q1}
 p - 2 potions of heal wounds {@q2}
 q - a potion of might
 w - a potion of haste {@q3}


   Skills:
 + Level 8.9(10.2) Fighting
 + Level 4.9 Dodging
 - Level 1.5 Stealth
 - Level 4.0 Shields
 + Level 7.2(8.6) Spellcasting
 + Level 1.7(2.4) Evocations


You had 3 spell levels left.
You knew the following spells:

 Your Spells              Type           Power      Damage    Failure   Level
a - Foxfire               Conj/Fire      100%       2x1d9     1%          1
b - Scorch                Fire           90%        2d10      1%          2
c - Conjure Flame         Conj/Fire      45%        6-21      1%          3
d - Inner Flame           Hex/Fire       45%        N/A       1%          3
e - Flame Wave            Conj/Fire      45%        2d10      2%          4
f - Sting                 Tmut/Pois      100%       1d8       1%          1
g - Blink                 Tloc           90%        N/A       1%          2
h - Mephitic Cloud        Conj/Pois/Air  45%        N/A       1%          3
i - Animate Dead          Necr           22%        N/A       2%          4
Your spell library was empty.

Dungeon Overview and Level Annotations

Branches:
Dungeon (8/15)             Temple (0/1) D:6
   Lair: D:8-11

Altars:
Ashenzari
Cheibriados
Kikubaaqudgha
Zin

Annotations:
D:1 1 runed translucent door


Innate Abilities, Weirdness & Mutations

You are immune to sickness and miasma.
You are immune to poison.
Your flesh is very heat resistant. (rF++)
You are vulnerable to cold. (rC-)
You float through the air rather than walking.
You learn spells naturally, not from books.
Your magical power is your life essence.
You have superior vitality. (+4 MHP)


Message History

The cyan ugly thing punches you. The cyan ugly thing shocks you!
There is a stone staircase leading up here.
The cyan ugly thing closely misses you.
You fly upwards.
There is a stone staircase leading down here.
Casting: Scorch (safe; 1% risk of failure)
Press: ? - help, Q - select action, (/) - cycle Dir - look around, f - activate Flames lash the cyan ugly thing.
The cyan ugly thing is lightly wounded.
The cyan ugly thing's fire resistance burns away.
The cyan ugly thing punches you but does no damage.
Casting: Scorch (safe; 1% risk of failure)
Press: ? - help, Q - select action, (/) - cycle Dir - look around, f - activate Flames lash the cyan ugly thing.
The cyan ugly thing is burned terribly!
The cyan ugly thing is moderately wounded.
The cyan ugly thing punches you but does no damage.
Casting: Scorch (safe; 1% risk of failure)
Press: ? - help, Q - select action, (/) - cycle Dir - look around, f - activate Flames lash the cyan ugly thing.
The cyan ugly thing is burned terribly!
The cyan ugly thing is moderately wounded.
The cyan ugly thing punches you! The cyan ugly thing shocks you!
Casting: Scorch (safe; 1% risk of failure)
Press: ? - help, Q - select action, (/) - cycle Dir - look around, f - activate
Okay, then.
Casting: Scorch (safe; 1% risk of failure)
Confirm with . or Enter, or press ? or * to list all spells.
Okay, then.
Casting: Scorch (safe; 1% risk of failure)
Confirm with . or Enter, or press ? or * to list all spells.
You blink.
The cyan ugly thing punches you. The cyan ugly thing shocks you!
* * * LOW HITPOINT WARNING * * *
Casting: Blink (safe; 1% risk of failure)
Confirm with . or Enter, or press ? or * to list all spells.
You blink.
* * * LOW HITPOINT WARNING * * *
The cyan ugly thing punches you!
* * * LOW HITPOINT WARNING * * *
The cyan ugly thing shocks you!
You die...

###### ### ####@...####
#.####....u§....#### ##
#..................######.
#...................##....
#..................#.....#
##...##................####
#..####.>........##.####
#### ##.......####..#
##...#### #..#


You could see a cyan ugly thing (combustible).

Vanquished Creatures
  Pikel (D:6)
  Maggie (D:7)
  An orc warrior (D:6)
  4 sky beasts
  2 ice beasts
  An ogre (D:5)
  3 centaurs (D:7)
  3 phantoms (D:6)
  A necrophage (D:8)
  3 bullfrogs
  3 scorpions (D:6)
  4 wights (D:5)
  3 killer bees (D:7)
  A howler monkey (D:5)
  A vampire bat (D:7)
  5 jellies
  4 hounds
  2 orc priests
  7 iguanas
  2 orc wizards (D:6)
  4 gnolls (D:6)
  3 adders
  3 white imps (D:7)
  2 ufetubi
  A dart slug (D:3)
  24 orcs
  2 bat skeletons (D:7)
  5 bat zombies (D:7)
  6 endoplasms
  3 giant cockroaches
  3 goblins
  6 hobgoblins
  3 jackals (D:4)
  6 kobolds
  A quokka (D:5)
  7 ball pythons
  6 bats
  6 frilled lizards
  6 rats
149 creatures vanquished.

Vanquished Creatures (others)
  212 foxfires
  7 plants (D:6)
219 creatures vanquished.

Grand Total: 368 creatures vanquished

Notes
Turn   | Place    | Note
-------+----------+-------------------------------------------
     0 | D:1      | brightshaft the Djinni Fire Elementalist began the quest
                  | for the Orb.
     0 | D:1      | Reached XP level 1. HP: 15/15 MP: 0/0
     1 | D:1      | Found a runed translucent door.
   309 | D:1      | Reached XP level 2. HP: 18/22 MP: 0/0
   310 | D:1      | Reached skill level 1 in Fighting
   645 | D:1      | Found a faded altar of an unknown god.
  1431 | D:2      | Reached XP level 3. HP: 23/27 MP: 0/0
  1431 | D:2      | Learned a level 1 spell: Sting
  2447 | D:3      | Reached skill level 2 in Fighting
  2617 | D:3      | Found a glowing silver altar of Zin.
  2734 | D:3      | Reached XP level 4. HP: 15/33 MP: 0/0
  2908 | D:3      | Identified the +0 cloak "Pepinanunn" {rPois rCorr SInv}
  3919 | D:4      | Reached XP level 5. HP: 33/40 MP: 0/0
  3919 | D:4      | Learned a level 2 spell: Blink
  3946 | D:4      | Reached skill level 3 in Fighting
  4361 | D:4      | Noticed an ice beast
  4370 | D:4      | Killed an ice beast
  4371 | D:4      | Reached XP level 6. HP: 36/47 MP: 0/0
  4532 | D:4      | Reached skill level 4 in Fighting
  4679 | D:5      | Entered Level 5 of the Dungeon
  4999 | D:5      | Reached skill level 1 in Shields
  4999 | D:5      | Reached XP level 7. HP: 45/53 MP: 0/0
  4999 | D:5      | Learned a level 3 spell: Mephitic Cloud
  5355 | D:5      | Found a broken altar of Ashenzari.
  5359 | D:5      | Became a worshipper of Ashenzari the Shackled
  5465 | D:5      | Reached skill level 5 in Fighting
  5707 | D:5      | Found a snail-covered altar of Cheibriados.
  6215 | D:6      | Reached XP level 8. HP: 59/59 MP: 0/0
  6468 | D:6      | Reached skill level 5 in Spellcasting
  6914 | D:6      | Reached skill level 6 in Fighting
  6938 | D:6      | Reached XP level 9. HP: 27/67 MP: 0/0
  6938 | D:6      | Learned a level 4 spell: Animate Dead
  7140 | D:6      | Reached skill level 7 in Fighting
  7140 | D:6      | Noticed Pikel
  7147 | D:6      | Killed Pikel
  7560 | D:6      | Found a staircase to the Ecumenical Temple.
  7876 | D:6      | Reached skill level 8 in Fighting
  8931 | D:6      | Reached XP level 10. HP: 46/77 MP: 0/0
  9493 | D:7      | Reached * piety under Ashenzari
  9988 | D:7      | Noticed Maggie
  9994 | D:7      | Killed Maggie
  9995 | D:7      | Reached skill level 1 in Evocations
 10305 | D:8      | Noticed a cyan ugly thing
 10342 | D:7      | HP: 1/80 [cyan ugly thing (8)]
 10342 | D:7      | Demolished by a cyan ugly thing

Illustrated notes

Levels and vault maps discovered:
D:1:      dpeg_arrival_caged_fury, layout_basic, basic_ecumenical_altar,
          minmay_pentomino_s2
D:2:      layout_rooms
D:3:      layout_loops_ring, zin_statuary
D:4:      layout_loops_cross
D:5:      layout_basic, nicolae_overflow_hidden_temple,
          mainiacjoe_overflow_24_doors, hangedman_abyss_or_decor_passed,
          feat_on_display
D:6:      layout_basic, minmay_temple_entry_gardened_gates, minmay_pentangle,
          uniq_pikel
D:7:      layout_cave_pods, kennysheep_vampire_church, uniq_maggie
D:8:      layout_basic, hangedman_abyss_or_decor_lesser_grid,
          uniq_prince_ribbit1

Skill      XL: |  1  2  3  4  5  6  7  8  9 10 |
---------------+-------------------------------+-----
Fighting       | 1 2 3 4 5 6 8 |  8.9
Spellcasting   | 3 4 5 6 7 |  7.2
Shields        | 1 2 4 |  4.0
Dodging        | 3 4 |  4.9
Evocations     | 1 |  1.7
Stealth        | |  1.5

Action                   |  1- 3 |  4- 6 |  7- 9 | 10-12 || total
-------------------------+-------+-------+-------+-------++-------
Melee: Short sword       |       |     2 |       |       ||     2
       Hand axe          |       |       |    56 |     1 ||    57
Throw: Dart              |       |       |     4 |       ||     4
 Cast: Foxfire           |   100 |       |    24 |     6 ||   130
       Sting             |    13 |       |       |       ||    13
       Scorch            |     3 |    60 |    44 |    28 ||   135
       Inner Flame       |       |       |    23 |     6 ||    29
       Flame Wave        |       |       |     2 |       ||     2
       Blink             |       |       |       |     2 ||     2
Invok: Curse Item        |       |       |     1 |     1 ||     2
Evoke: Wand              |       |       |     2 |       ||     2
  Use: Scroll            |       |     6 |    12 |       ||    18
 Stab: Sleeping          |       |       |     1 |       ||     1
Armor: Robe              |     5 |     7 |    27 |     9 ||    48
       Steam dragon scal |       |       |       |     3 ||     3
Dodge: Dodged            |     7 |    12 |    57 |    21 ||    97
Block: Buckler           |       |     2 |    24 |    11 ||    37

Table legend: (Time is in decaauts)
 A = Elapsed time spent in this place.
 B = Non-inter-level travel time spent in this place.
 C = Inter-level travel time spent in this place.
 D = Time resting spent in this place.
 E = Time spent auto-exploring this place.
 F = Levels seen in this place.
 G = Mean time per level.
                   A        B        C        D        E       F      G
               +--------+--------+--------+--------+--------+-----+--------+
         Total |  10364 |  10032 |    332 |      0 |   8866 |   8 | 1295.5 |
       Dungeon |  10364 |  10032 |    332 |      0 |   8866 |   8 | 1295.5 |
               +--------+--------+--------+--------+--------+-----+--------+

Top non-repeatable levels by time:
     D:6: 2269 daAuts
     D:7: 1665 daAuts
     D:4: 1508 daAuts
     D:1: 1341 daAuts
     D:5: 1296 daAuts
     D:3: 1140 daAuts
     D:2: 959 daAuts
     D:8: 182 daAuts
